[Event "Reykjavik Open 2024"]
[Site "Reykjavik"]
[Date "2024.03.18"]
[Round "5.25"]
[White "Tania, Sachdev"]
[Black "Duong, Thanh Nha"]
[Result "1-0"]
[ECO "D38"]
[WhiteElo "2393"]
[BlackElo "2144"]
[Annotator "TA"]
[PlyCount "119"]
[EventDate "2024.03.12"]
[EventCountry "ISL"]
[SourceTitle "playchess.com"]
[Source "ChessBase"]
[SourceQuality "1"]
[TimeControl "40/5400+30:1800+30"]

1. d4 Nf6 2. c4 e6 3. Nf3 d5 4. Nc3 Bb4 5. Qa4+ Nc6 6. a3 Bxc3+ 7. bxc3 Bd7 8. cxd5 {[%emt 0:00:48] D38: Queen's Gambit Declined: Ragozin Defence (4 Nf3 Bb4).} exd5 9. Bg5 h6 10. Bh4 O-O 11. Qc2 Qe7 12. e3 Qe6 13. Bd3 $146 ({Predecessor:} 13. c4 Ne7 14. Ne5 Bc8 15. Bd3 c6 16. O-O Ne4 17. Bxe7 Qxe7 18. cxd5 cxd5 19. Bxe4 dxe4 {1-0 Suarez P,S-Arguelles Ovando,V Yucatan-ch Merida 1998 (6)}) 13... Rfe8 14. O-O Ne4 15. c4 Nd6 16. c5 Nf5 17. Bg3 Nxg3 18. hxg3 Rab8 19. Rab1 Qf6 20. Rb2 Bg4 21. Nh2 Bc8 22. Rfb1 h5 23. Qb3 Rd8 24. Qd1 g6 25. Nf3 Kg7 26. Nh2 Rh8 27. Qf3 (27. Rb5 {simplifies} Ne7 28. Qf3 Qxf3 29. Nxf3 Nc6 30. R5b2) 27... Qd8 28. Rc1 h4 29. g4 Qg5 30. Rcb1 Ra8 31. Bc2 Nd8 (31... Na5 $11) 32. Bb3 $14 c6 33. e4 Be6 34. exd5 cxd5 35. Ba4 Rc8 36. Qe3 Qf6 $2 (36... Qxe3 $11 {and Black stays safe.} 37. fxe3 Rc7) 37. g5 $18 Qe7 38. Qe5+ f6 (38... Kg8 $142 39. Re1 (39. Ng4 Qc7 $18) 39... Nc6) 39. gxf6+ $18 Qxf6 40. Rxb7+ $1 Nxb7 41. Rxb7+ Bf7 42. Ng4 (42. Rxa7 Qxe5 43. dxe5 Ra8 (43... Rxc5 44. e6 $16) 44. Rxa8 Rxa8 $17) (42. Qxd5 Rb8 $11) 42... Qxe5 43. Nxe5 Rhf8 (43... Rcf8 $142 44. Rxa7 Kf6 45. Nd7+ Ke6 46. Nxf8+ Rxf8 47. Bd7+ Ke7 48. Bb5+ Ke6 49. Bd7+ Ke7 50. Bh3+ Kf6) 44. Bd7 $18 ({Weaker is} 44. Rxa7 Ra8 45. Rxa8 Rxa8 $11) 44... Rb8 45. Rxa7 Kh6 $2 (45... Kf6 46. a4 Rb4 47. Ra6+ Kg7) 46. c6 $18 Be8 47. Rb7 Ra8 48. c7 Bxd7 49. Nxd7 Rfc8 50. Nb6 Rxc7 51. Rxc7 Rxa3 52. Rc5 g5 53. Nxd5 g4 54. Rc3 Ra1+ 55. Kh2 Ra2 56. Ne3 Kg5 57. Rc2 Ra3 58. g3 hxg3+ 59. Kxg3 Rd3 60. d5 (60. Rc4 $142 Ra3 61. Rc5+ Kg6 62. Rc8 (62. Kxg4 Rd3 $18) 62... Kf6 63. Kxg4 Ke7 64. Rc3 Ra8 65. Nf5+ Kd7 66. Rg3) 1-0

[Event "Reykjavik Open 2024"]
[Site "Reykjavik"]
[Date "2024.03.18"]
[Round "5.26"]
[White "Fernandez, Daniel Howard"]
[Black "Shivika Rohilla"]
[Result "1-0"]
[ECO "C47"]
[WhiteElo "2532"]
[BlackElo "2003"]
[Annotator "TA"]
[PlyCount "93"]
[EventDate "2024.03.12"]
[EventCountry "ISL"]
[SourceTitle "playchess.com"]
[Source "ChessBase"]
[SourceQuality "1"]
[TimeControl "40/5400+30:1800+30"]

1. e4 e5 2. Nf3 Nc6 3. Nc3 Nf6 4. a3 d5 5. Bb5 d4 6. Ne2 Bd6 7. d3 h6 8. O-O {[%emt 0:02:40] The position is equal.} a6 9. Bxc6+ bxc6 10. Nd2 g5 11. Nc4 Be6 12. Ng3 a5 13. Bd2 a4 14. b4 axb3 15. cxb3 Rg8 ({Black should try} 15... O-O $14) 16. a4 $16 Bg4 17. Qc2 c5 18. a5 {[%emt 0:05:51] White is more active.} h5 (18... Ra6 $16 {is a better defense.}) 19. b4 h4 $2 (19... cxb4 $16 20. Bxb4 (20. Qa4+ Qd7 $14) 20... Bxb4) 20. bxc5 $18 hxg3 21. cxd6 gxh2+ 22. Kxh2 Rh8+ 23. Kg3 (23. Kg1 $18 {and the rest is easy.} cxd6 24. Bxg5) 23... Be2 {[%emt 0:08:04] [#]} (23... cxd6 24. Bb4 (24. Bxg5 $2 Nxe4+ 25. Kxg4 Qxg5+ 26. Kf3 Nc3 $19) 24... Kf8 (24... Ra6 $2 25. Rh1 $18) 25. Bxd6+ (25. Nxd6 Kg7 $18) 25... Kg8 26. Bxe5) (23... Be6 $16 {keeps fighting.} 24. dxc7 (24. Bxg5 $2 Nxe4+ 25. Kf3 Qxg5 $19) (24. Nxe5 g4 $15) 24... Nh5+ 25. Kf3 Qxc7) 24. Rh1 $1 Nh5+ 25. Rxh5 Rxh5 {[%emt 0:00:22] [#]} (25... Bxh5 26. dxc7 (26. Nxe5 Qxd6 27. Qa4+ Kd8 $16) (26. Qa4+ Kf8 $18) 26... Qxc7 27. Qa4+ (27. Bxg5 f5 $11) 27... Kf8) 26. dxc7 $1 (26. Nxe5 g4 (26... Qxd6 27. Qc6+ Qxc6 28. Nxc6 $14) 27. d7+ (27. Nxg4 $2 Qh4+ 28. Kf4 Qxg4#) 27... Kf8 28. Qc5+ (28. Nxg4 $2 Qh4+ 29. Kf4 Qxg4#) (28. Bb4+ $2 Kg7 $19) 28... Kg8 29. Qxd4 Qh4+ 30. Kf4 Qg5+ 31. Kg3 Qxe5+ (31... Qxd2 $2 32. d8=Q+ Rxd8 33. Qxd8+ Kh7 34. Qxc7 $18) 32. Qxe5 Rxe5 $11) 26... Qf6 {[%emt 0:03:43][%cal Of6f4] [#] ( -> ...Qf4+!)} 27. Nd6+ $1 Qxd6 28. c8=Q+ (28. c8=B $2 {too greedy.} Qf6 (28... Bxd3 $2 29. Qa4+ Kd8 30. Bg4 $18) 29. f3 g4 $19) 28... Rxc8 29. Qxc8+ Qd8 30. Qxd8+ Kxd8 {[%emt 0:00:04][%mdl 4096] Endgame. KRB-KRB} 31. a6 {[%emt 0:00:37] Threatening mate with a7.} Bxd3 32. f3 {[%emt 0:00:04] White threatens a7 and mate.} Bb5 33. a7 Bc6 34. a8=Q+ Bxa8 35. Rxa8+ {[%emt 0:00:11] KRB-KR} Kd7 36. Ra7+ Ke6 37. Ra6+ Kd7 38. Rf6 Ke7 39. Rb6 f6 40. Kg4 Rh2 41. Bb4+ Kf7 42. Kf5 {[%emt 0:00:08] Intending Rb7+ and mate.} Rxg2 43. Rxf6+ {[%emt 0:00:53] White mates.} Ke8 44. Ke6 Kd8 45. Kd6 Kc8 46. Kc6 Rc2+ 47. Bc5 {[%emt 0:00:05] Black got outplayed after the opening.   Weighted Error Value: White=0.19 (very precise) /Black=0.46.  Loses game:     	---       	Black=1      Missed win:     	White=1     	---        Mistake:       	---       	Black=4      Inaccurate:     	---       	Black=1      OK:         	White=10    	Black=5      Best:        	---       	Black=1      Strong:       	White=2     	---} 1-0

[Event "Reykjavik Open 2024"]
[Site "Reykjavik"]
[Date "2024.03.18"]
[Round "5.27"]
[White "Kunz, Andre"]
[Black "Sanitt, Ethan"]
[Result "0-1"]
[ECO "C01"]
[WhiteElo "2197"]
[BlackElo "1914"]
[Annotator "RC"]
[PlyCount "60"]
[EventDate "2024.03.12"]
[EventCountry "ISL"]
[SourceTitle "playchess.com"]
[Source "ChessBase"]
[SourceQuality "1"]
[TimeControl "40/5400+30:1800+30"]

1. e4 e6 2. d4 d5 3. Bd3 dxe4 4. Bxe4 Nf6 5. Bf3 c5 6. Ne2 Nc6 7. Be3 cxd4 8. Nxd4 Ne5 9. Nd2 Nxf3+ 10. Qxf3 Nd5 11. O-O Be7 12. Rfd1 Nxe3 13. Qxe3 O-O 14. c4 Bd7 15. N2f3 Qc7 16. Ne5 Bf6 17. Nxd7 Qxd7 18. Rd2 Qe7 19. Rad1 Bg5 20. f4 Bf6 21. Nb5 Qb4 22. b3 Be7 23. Qe4 Bc5+ 24. Kh1 a6 25. Nd4 g6 26. Nf3 Be7 27. Ne5 Rfd8 28. Nd7 Rac8 29. Qe5 b5 30. cxb5 Qxd2 0-1

[Event "Reykjavik Open 2024"]
[Site "Reykjavik"]
[Date "2024.03.18"]
[Round "5.28"]
[White "Kjartansson, Matthias Bjorgvin"]
[Black "Eriksson, Jorgen"]
[Result "0-1"]
[ECO "D35"]
[WhiteElo "1893"]
[BlackElo "2154"]
[Annotator "RC"]
[PlyCount "112"]
[EventDate "2024.03.12"]
[EventCountry "ISL"]
[SourceTitle "playchess.com"]
[Source "ChessBase"]
[SourceQuality "1"]
[TimeControl "40/5400+30:1800+30"]

1. d4 d5 2. c4 e6 3. Nc3 c6 4. cxd5 exd5 5. Nf3 Bf5 6. Bf4 Nf6 7. e3 Be7 8. h3 Qb6 9. Bd3 Bxd3 10. Qxd3 Nbd7 11. O-O O-O 12. Rab1 a5 13. Bg5 Rfe8 14. Nd2 Nh5 15. Bxe7 Rxe7 16. a3 Nhf6 17. b4 axb4 18. axb4 Qd8 19. Nb3 b5 20. Na5 Rc8 21. Rfc1 Nb6 22. Ra1 Qd6 23. Rcb1 g6 24. Ra2 Kg7 25. Re2 Nc4 26. Nxc4 bxc4 27. Qd1 Rb8 28. Qa4 Reb7 29. Reb2 Rb6 30. Qa3 Qe7 31. Ne2 R8b7 32. Ng3 h5 33. f3 Ra7 34. Qc3 Rba6 35. Re2 Ra3 36. Qc1 Ra2 37. Qe1 Rxe2 38. Qxe2 Rb7 39. Qd2 Qd6 40. Ne2 Qe7 41. Qc3 Ra7 42. Kf2 Rb7 43. Nf4 Qd6 44. h4 Qd7 45. Nh3 Qf5 46. Qe1 Ng4+ 47. Kg1 Nxe3 48. Rb2 Nc2 49. Qc3 Na1 50. Nf2 Nb3 51. Re2 Qf4 52. Rb2 Qxh4 53. Rb1 Qf4 54. Kh1 Re7 55. Nd3 Qf5 56. Rd1 Re3 0-1

[Event "Reykjavik Open 2024"]
[Site "Reykjavik"]
[Date "2024.03.18"]
[Round "5.29"]
[White "Dimitrijeski, Boris"]
[Black "Ferzli, Michael"]
[Result "1-0"]
[ECO "D36"]
[WhiteElo "2183"]
[BlackElo "1879"]
[Annotator "RC"]
[PlyCount "159"]
[EventDate "2024.03.12"]
[EventCountry "ISL"]
[SourceTitle "playchess.com"]
[Source "ChessBase"]
[SourceQuality "1"]
[TimeControl "40/5400+30:1800+30"]

1. d4 d5 2. c4 e6 3. Nc3 Nf6 4. cxd5 exd5 5. Bg5 Be7 6. e3 c6 7. Bd3 h6 8. Bh4 O-O 9. Nge2 Re8 10. Qc2 a5 11. O-O Nbd7 12. a4 Nf8 13. Rae1 Be6 14. Nc1 N6h7 15. Bxe7 Rxe7 16. Nb3 Nf6 17. h3 Qd6 18. Kh1 b6 19. Nd2 Rae8 20. b3 Qd7 21. Kh2 Qd6+ 22. Kh1 Qd7 23. Kh2 Qd6+ 24. Kg1 Bd7 25. Nf3 Ne6 26. Ne5 Rc8 27. Rd1 c5 28. Nxd7 Qxd7 29. dxc5 Rxc5 30. Qb2 Qc6 31. Nb5 Nd7 32. Rd2 Ng5 33. Nd4 Qf6 34. Nf5 Re6 35. Qxf6 Nxf6 36. Rfd1 Rc3 37. Nd4 Re8 38. Rb2 Rec8 39. f3 Rc1 40. Rxc1 Rxc1+ 41. Kf2 Nd7 42. Ne2 Rc7 43. Nf4 Nf6 44. b4 axb4 45. Rxb4 Nd7 46. Nxd5 Nc5 47. Be2 Rb7 48. e4 Nge6 49. Ke3 g5 50. Bb5 Nc7 51. Bc6 Nxd5+ 52. exd5 Ra7 53. d6 f5 54. Rxb6 Kf7 55. Bd5+ Ke8 56. Bc6+ Kf7 57. d7 Nxd7 58. Bxd7 Rxd7 59. Rxh6 Kg7 60. Rc6 Ra7 61. Rc4 Kf6 62. Kd4 Ra5 63. Kc3 Re5 64. Rc6+ Ke7 65. Kb3 Kd7 66. Rc2 Re8 67. a5 g4 68. hxg4 fxg4 69. fxg4 Re3+ 70. Kc4 Re4+ 71. Kb5 Rxg4 72. a6 Rg5+ 73. Kb6 Rg3 74. Ra2 Rb3+ 75. Kc5 Rc3+ 76. Kd5 Rc8 77. g4 Ra8 78. a7 Kc7 79. Ke6 Kb7 80. Kf7 1-0

[Event "Reykjavik Open 2024"]
[Site "Reykjavik"]
[Date "2024.03.18"]
[Round "5.30"]
[White "Mardell, Jimmy"]
[Black "Hermannsson, Sigurbjorn"]
[Result "1-0"]
[ECO "E85"]
[WhiteElo "2172"]
[BlackElo "1791"]
[Annotator "RC"]
[PlyCount "127"]
[EventDate "2024.03.12"]
[EventCountry "ISL"]
[SourceTitle "playchess.com"]
[Source "ChessBase"]
[SourceQuality "1"]
[TimeControl "40/5400+30:1800+30"]

1. d4 Nf6 2. c4 g6 3. Nc3 Bg7 4. e4 d6 5. f3 O-O 6. Be3 Nc6 7. Qd2 Re8 8. Nge2 e5 9. d5 Nb4 10. g4 c6 11. Ng3 cxd5 12. cxd5 Bd7 13. h4 Rf8 14. h5 Rc8 15. hxg6 fxg6 16. a3 Na6 17. Bxa6 bxa6 18. O-O-O Ba4 19. Rdf1 Rf7 20. Kb1 Bb3 21. g5 Ne8 22. Nge2 Rb7 23. Rf2 Rcb8 24. Nc1 Bc4 25. Nd3 Qa5 26. Nb4 Qc7 27. Qd1 Qa5 28. Qa4 Qxa4 29. Nxa4 Bb5 30. Nc3 a5 31. Nc6 Bxc6 32. dxc6 Rb3 33. Bxa7 Ra8 34. Be3 Nc7 35. Ka2 Rbb8 36. Rd1 Bf8 37. Nd5 Nxd5 38. exd5 a4 39. Rd3 Rb5 40. Rc2 Bg7 41. b4 axb3+ 42. Rxb3 Rbb8 43. Rxb8+ Rxb8 44. c7 Rc8 45. Ba7 Kf7 46. Bb8 h5 47. gxh6 Bxh6 48. a4 Be3 49. a5 Kf6 50. a6 Kf5 51. a7 Bxa7 52. Bxa7 Kf4 53. Rc3 e4 54. Be3+ Kxf3 55. Bc5+ Ke2 56. Bxd6 Kd2 57. Rg3 e3 58. Bf4 Kc2 59. Rxe3 g5 60. Bg3 Rf8 61. d6 Kd2 62. Rb3 Kc2 63. Rb8 Rf5 64. c8=Q+ 1-0

[Event "Reykjavik Open 2024"]
[Site "Reykjavik"]
[Date "2024.03.18"]
[Round "5.31"]
[White "Ornolfsson, Magnus P."]
[Black "Winnubst, Paul"]
[Result "1-0"]
[ECO "D11"]
[WhiteElo "2163"]
[BlackElo "1681"]
[Annotator "RC"]
[PlyCount "65"]
[EventDate "2024.03.12"]
[EventCountry "ISL"]
[SourceTitle "playchess.com"]
[Source "ChessBase"]
[SourceQuality "1"]
[TimeControl "40/5400+30:1800+30"]

1. d4 d5 2. Nf3 Nf6 3. g3 Bf5 4. Bg2 e6 5. O-O h6 6. c4 c6 7. Nc3 Be7 8. b3 O-O 9. Bb2 Nbd7 10. Re1 Ne4 11. Nd2 Ndf6 12. Ndxe4 Nxe4 13. Nxe4 Bxe4 14. Bxe4 dxe4 15. Qc2 f5 16. e3 Qa5 17. a3 Rfc8 18. b4 Qd8 19. Red1 a5 20. bxa5 Rxa5 21. Qb3 Rca8 22. a4 R5a6 23. a5 b5 24. cxb5 cxb5 25. d5 Rxa5 26. Rxa5 Rxa5 27. d6 Bf8 28. Qxe6+ Kh8 29. Qxh6+ Kg8 30. Qe6+ Kh8 31. Qxf5 Ra2 32. Qh5+ Kg8 33. Qd5+ 1-0

[Event "Reykjavik Open 2024"]
[Site "Reykjavik"]
[Date "2024.03.18"]
[Round "5.32"]
[White "Mai, Alexander Oliver"]
[Black "Atharva M Parulekar"]
[Result "1-0"]
[ECO "C88"]
[WhiteElo "2160"]
[BlackElo "1580"]
[Annotator "RC"]
[PlyCount "113"]
[EventDate "2024.03.12"]
[EventCountry "ISL"]
[SourceTitle "playchess.com"]
[Source "ChessBase"]
[SourceQuality "1"]
[TimeControl "40/5400+30:1800+30"]

1. e4 e5 2. Nf3 Nc6 3. Bb5 a6 4. Ba4 Nf6 5. O-O Be7 6. Re1 b5 7. Bb3 O-O 8. a4 Rb8 9. axb5 axb5 10. d3 d6 11. c3 Bg4 12. Bg5 Nd7 13. Be3 Bf6 14. Nbd2 Nc5 15. Bxc5 dxc5 16. Qe2 Qd7 17. Nf1 Ne7 18. h3 Be6 19. Bxe6 Qxe6 20. Ra7 Qc6 21. Rea1 Ra8 22. Ne3 Rxa7 23. Rxa7 Ra8 24. Rxa8+ Qxa8 25. Ng4 Ng6 26. Nxf6+ gxf6 27. g3 Qa2 28. Qd2 Qe6 29. Qh6 c4 30. dxc4 Qxc4 31. Qe3 Qb3 32. Qe2 b4 33. cxb4 Qxb4 34. Nh2 Qd6 35. Ng4 Kg7 36. Qe3 Qe6 37. Qh6+ Kg8 38. Qd2 Kg7 39. Qh6+ Kg8 40. Qc1 Qb6 41. Nh6+ Kg7 42. Nf5+ Kf8 43. h4 Qb4 44. Qc6 Qa5 45. b4 Ne7 46. Nxe7 Qa1+ 47. Kg2 Kxe7 48. Qxc7+ Kf8 49. b5 Qa8 50. Qc6 Qxc6 51. bxc6 Ke7 52. Kf3 f5 53. exf5 f6 54. g4 h6 55. g5 hxg5 56. hxg5 Kd6 57. g6 1-0

[Event "Reykjavik Open 2024"]
[Site "Reykjavik"]
[Date "2024.03.18"]
[Round "5.35"]
[White "MacKinnon, Keith"]
[Black "Galperin, Platon"]
[Result "0-1"]
[ECO "B33"]
[WhiteElo "2142"]
[BlackElo "2555"]
[Annotator "TA"]
[PlyCount "76"]
[EventDate "2024.03.12"]
[EventCountry "ISL"]
[SourceTitle "playchess.com"]
[Source "ChessBase"]
[SourceQuality "1"]
[TimeControl "40/5400+30:1800+30"]

1. e4 c5 2. Nf3 Nc6 3. d4 cxd4 4. Nxd4 Nf6 5. Nc3 h5 (5... e5 $11 6. Ndb5 d6) 6. h3 g6 7. Be2 Bg7 8. Be3 {[%emt 0:00:41] White is slightly better.} O-O 9. O-O (9. Nb3 $14) 9... d5 $11 10. exd5 Nb4 11. Bf3 {[%emt 0:07:22] Hoping for Nb3.} Nbxd5 12. Nxd5 Nxd5 13. Bg5 Nf6 14. Re1 Nh7 15. Be3 a6 16. c3 e5 17. Nb3 Qh4 18. Nc5 Rb8 ({Better is} 18... Qe7) 19. Qd6 $16 Bf5 20. Bxb7 Ng5 21. Qxa6 Bxh3 22. gxh3 {[%emt 0:07:16] Strongly threatening Bxg5.} e4 {[%emt 0:02:18] [#]} 23. Nxe4 $1 Nxe4 24. Qc6 (24. Bxe4 $18 Qxe4 25. Bc5) 24... Rfe8 $15 25. Ba7 Re6 26. Qc4 Qg5+ 27. Kh1 $1 Rxb7 {[%emt 0:00:43] Black is more active.} 28. Qc8+ (28. Rxe4 $2 {loses.} Rxa7 (28... Rxe4 $2 29. Qc8+ Kh7 30. Qxb7 $19) 29. Rxe6 fxe6 30. Qxe6+ Kh7 $19) 28... Kh7 29. Qxb7 Qf5 30. Kg1 (30. Kg2 $11) 30... Qg5+ (30... Qf3 $1 $17 {[%cal Oe6e5] White must now prevent ...Re5!} 31. c4 Re5 32. Rxe4 Rg5+ (32... Rxe4 33. Qb3 $11) 33. Kf1 Qd3+ 34. Re2 Qxh3+ 35. Ke1 Rg1+ 36. Kd2 Rxa1) 31. Kh1 $11 Qf4 (31... Qf5 $11 32. Kg2 Ng5) 32. Kg2 $15 {[%emt 0:00:47] Be3 would now be deadly.} Qg5+ 33. Kh1 Qf5 34. Kg1 $1 Re5 $40 {[%emt 0:01:03][%cal Of5h3][%mdl 128] Black has some attack.} 35. Bd4 $2 {[%emt 0:04:11][%mdl 8192] [#]} (35. Kg2 $15) 35... Qf3 $1 $19 {[%emt 0:00:24] ( -> ...Rg5+). Black is clearly winning.} 36. Rxe4 Rxe4 37. Qd7 Rh4 38. Bxg7 Kxg7 {[%emt 0:01:41] Black used his chance.   Weighted Error Value: White=0.46/Black=0.12 (very precise) .  Loses game:     	White=1     	---        Missed win:     	White=1     	---        Mistake:       	White=2     	Black=3      Inaccurate:     	White=1     	Black=2      OK:         	White=12    	Black=11     Best:        	White=5     	Black=2      Strong:       	White=2     	Black=1} 0-1

[Event "Reykjavik Open 2024"]
[Site "Reykjavik"]
[Date "2024.03.18"]
[Round "5.36"]
[White "Birkisson, Bjorn Holm"]
[Black "Krzyzanowski, Marcin"]
[Result "1/2-1/2"]
[ECO "B12"]
[WhiteElo "2140"]
[BlackElo "2524"]
[Annotator "TA"]
[PlyCount "111"]
[EventDate "2024.03.12"]
[EventCountry "ISL"]
[SourceTitle "playchess.com"]
[Source "ChessBase"]
[SourceQuality "1"]
[TimeControl "40/5400+30:1800+30"]

1. e4 c6 2. d4 d5 3. e5 Bf5 4. h4 h5 5. Bd3 Bxd3 6. Qxd3 Qa5+ 7. Nd2 {[%emt 0:00:39][%cal Oe5e6] And now e6! would win.} e6 8. Ngf3 Nh6 9. O-O Nf5 10. g3 Qa6 11. c4 Be7 12. b3 O-O 13. a4 Rd8 14. Qc3 c5 15. dxc5 dxc4 16. b4 Nc6 (16... Rd3 $5 17. Qc2 $8 Qc6 $11) 17. b5 Qa5 18. Qxc4 Ncd4 19. Bb2 Nxf3+ (19... Bxc5 $5 20. Qxc5 Rac8 21. Bxd4 Rxc5 22. Bxc5 Rxd2 23. Nxd2 Qxd2 $16) 20. Nxf3 Rac8 21. Ba3 Rd5 22. Bb4 Qd8 23. Rac1 Nd4 24. Nxd4 Rxd4 25. Qb3 Bxh4 26. Rfd1 Bg5 27. Rxd4 Qxd4 28. Rd1 Qg4 (28... Qxe5 29. Qf3 h4 30. Qxb7 $16) 29. Rd7 h4 30. Ba3 (30. Rxb7 Rd8 31. Be1 (31. Rxa7 $2 Rd1+ $19) 31... Qe2 (31... Qe4 $2 32. gxh4 Qxe1+ 33. Kg2 $19) 32. gxh4 Qxe1+ 33. Kg2 Rd1 (33... Bxh4 $2 34. Qf3 $17) 34. Rb8+ Bd8 35. Rxd8+ Rxd8 $19) 30... Qe4 31. Qd3 Qe1+ 32. Qf1 Qxe5 33. f4 $1 Qe3+ 34. Qf2 Qxa3 35. fxg5 $11 {[%emt 0:01:35][%mdl 4096] Endgame. KQR-KQR} Qa1+ (35... Rxc5 36. Qxf7+ Kh8 37. Qxg7#) (35... Qxg3+ 36. Qxg3 hxg3 37. Rxb7 (37. g6 fxg6 38. Rxb7 Rxc5 $16) 37... Rxc5 38. g6 fxg6 39. Rxa7 Rc1+ 40. Kg2 $14) 36. Qf1 Qxf1+ (36... Qxa4 37. Qxf7+ Kh8 38. Qxg7#) 37. Kxf1 Rxc5 {[%emt 0:02:00] [#] Threatens to win with ...Rf5+.} (37... hxg3 $2 38. Rxb7 Rxc5 39. Rxa7 Rc1+ 40. Kg2 $18) 38. Rxb7 $2 {[%emt 0:00:05] KR-KR} (38. g6 $11 {and White is okay.} fxg6 39. Rxb7) 38... Rf5+ $19 (38... Rxg5 $2 39. gxh4 Rf5+ 40. Ke2 $18) (38... hxg3 39. Rxa7 Rc1+ 40. Kg2 $16) 39. Kg2 Rxg5 40. Rxa7 $2 (40. a5 {was the only chance.}) 40... Rxg3+ 41. Kh2 Rb3 {[%emt 0:05:30] Hoping for ...g5.} 42. Rb7 Ra3 $2 (42... g5 {...g4 is the strong threat.} 43. a5 g4) 43. Ra7 Rb3 $2 (43... Ra2+ 44. Kh3 g5) 44. Rb7 $1 g5 45. a5 g4 46. a6 Rb2+ 47. Kg1 Rb1+ 48. Kh2 g3+ 49. Kh3 Rh1+ 50. Kg2 Rh2+ 51. Kg1 Ra2 52. Rc7 h3 53. Rc1 {[%emt 0:00:06] Repels Ra1} Kg7 {[%emt 0:06:41] ( -> ...f5)} 54. Rb1 {[%emt 0:01:00] [#]} Rg2+ $2 (54... f5 $1 {mates} 55. b6 f4 (55... Rxa6 $2 {loses.} 56. b7 $18) 56. b7 f3 (56... Rxa6 $2 {perishes.} 57. b8=Q $18) 57. b8=Q f2+ (57... Rxa6 58. Rb7+ Kg6 59. Qxg3+ Kf6 60. Qf4+ Kg6 61. Qf7+ Kg5 62. Rb5+ Kg4 63. Qg7+ Kf4 64. Qe5+ Kg4 65. Qg5#) 58. Kh1 f1=Q+ 59. Rxf1 g2+ (59... Rxa6 60. Qxg3+ Kh8 61. Rg1 Kh7 62. Qxh3#) 60. Kg1 h2+ (60... gxf1=R+ $2 61. Kxf1 h2 62. Qe5+ Kf7 63. Qh5+ Kf6 64. a7 $18) 61. Qxh2 gxf1=Q+ (61... gxf1=B 62. Qxa2 Bxa6 63. Qxe6 Bd3 64. Qd7+ Kh6 65. Qxd3 Kg7 66. Qf5) 62. Kxf1 Rxh2 63. Kg1 Ra2 64. Kf1 Kf6 (64... Rxa6 65. Kg2 Kf6 66. Kg3 Kf5 67. Kf3 Rd6 68. Ke3 e5 69. Kf3 e4+ 70. Ke3 Rd3+ 71. Ke2 Kf4 72. Kf2 Rd6 73. Kg2 e3 74. Kg1 Kf3 75. Kh2 Rd1 76. Kh3 Rh1#) 65. a7 e5 (65... Rxa7 66. Kg2 Kf5 67. Kf3 Rd7 68. Ke3 e5 69. Kf3 Rd3+ 70. Ke2 e4 71. Ke1 e3 72. Kf1 Kf4 73. Ke2 Rd2+ 74. Kf1 Kg3 75. Ke1 Kf3 76. Kf1 Rd1#) 66. a8=B Rxa8 67. Ke2 Kf5 68. Ke3 Rd8 69. Kf3 e4+ 70. Ke3 Ke5 71. Ke2 Kf4 72. Kf2 e3+ 73. Ke2 Ke4 (73... Rd2+ 74. Kf1 Kg3 75. Ke1 Kf3 76. Kf1 Rd1#) 74. Kf1 Kf3 75. Ke1 Rd7 76. Kf1 Rd1#) 55. Kh1 $11 Rh2+ 56. Kg1 {[%emt 0:00:06] Weighted Error Value: White=0.23 (precise) /Black=0.23 (precise) .  Loses game:     	White=1     	---        Mistake:       	White=1     	Black=1      Inaccurate:     	White=3     	Black=2      OK:         	White=11    	Black=15     Best:        	White=4     	Black=7      Strong:       	White=2     	---} 1/2-1/2

[Event "Reykjavik Open 2024"]
[Site "Reykjavik"]
[Date "2024.03.18"]
[Round "5.37"]
[White "Briem, Benedikt"]
[Black "Prraneeth Vuppala"]
[Result "0-1"]
[ECO "E16"]
[WhiteElo "2102"]
[BlackElo "2506"]
[Annotator "TA"]
[PlyCount "102"]
[EventDate "2024.03.12"]
[EventCountry "ISL"]
[SourceTitle "playchess.com"]
[Source "ChessBase"]
[SourceQuality "1"]
[TimeControl "40/5400+30:1800+30"]

1. d4 Nf6 2. c4 e6 3. g3 d5 4. Bg2 Bb4+ 5. Nd2 O-O 6. Ngf3 b6 7. O-O Bb7 8. a3 Be7 9. cxd5 exd5 10. b4 Re8 11. Ne5 Nbd7 12. Ndf3 {[%emt 0:02:07] Die Stellung ist ausgeglichen.} Bd6 13. Bb2 b5 14. Qc2 Nb6 15. Nd2 (15. Ng5 {wäre vielleicht verwirrender.} Re7 16. f3 Nc4 17. Ng4) 15... Nfd7 16. Nxd7 Qxd7 17. e4 (17. Nb3 $14) 17... dxe4 $15 18. Nxe4 {[%emt 0:00:42] Ng5 wäre nun fies.} Bd5 19. Rac1 c6 20. Ng5 f5 21. Bxd5+ cxd5 22. Qc6 Qxc6 23. Rxc6 Nc4 24. Bc1 a5 25. bxa5 Rec8 26. Rxc8+ Rxc8 27. Bf4 (27. Kg2 $11 {ist überlegen.}) 27... Bxa3 $17 {[%emt 0:01:52] Schwarz steht aktiver. Schwarz hat alles unter Kontrolle.} 28. a6 Ra8 29. Ne6 (29. Rb1 b4 (29... Rxa6 30. Rxb5 h6 31. Nf3 $11) 30. Ne6 Rxa6) 29... Rxa6 30. Nc7 Ra5 {[%emt 0:00:22] Und jetzt ...b4 wäre schön.} 31. Nxd5 (31. Re1 $17) 31... b4 $19 32. Nxb4 Bxb4 33. Rc1 Nb6 34. Rc6 Nd7 35. Rc4 Be7 36. h4 Kf7 37. Kg2 Rd5 38. Kf3 Bf6 39. Ke3 Nb6 40. Rb4 {[%emt 0:00:44] [#]} Rd7 $1 {[%emt 0:00:11] Droht stark ...Nd5+. Schwarz steht klar auf Gewinn.} 41. Kf3 (41. Rb5 Nd5+) 41... Nd5 ({Schlechter ist} 41... Rxd4 42. Rxb6 Rc4 43. Be3 $11) ({Finger weg von} 41... Bxd4 42. Kg2 $19) 42. Rb5 Nxf4 43. Kxf4 Rxd4+ {[%emt 0:00:00][%mdl 4096] Endspiel. KRB-KR} 44. Kf3 Ke6 45. Rb6+ Rd6 46. Rb7 Rd2 {[%emt 0:00:00] ...Bd4 ist eine echte Drohung.} 47. Rb6+ Kf7 48. Rb7+ Kg6 {[%emt 0:00:00] Droht ...Bd4 und aus.} 49. Ke3 Rb2 50. Rd7 Rb3+ 51. Ke2 {[%emt 0:00:09] [#]} f4 $1 {[%emt 0:00:00] Gewichteter Fehlerwert: Weiß=0.27 (präzise) /Schwarz=0.10 (sehr präzise) .  Fehler:       	Weiß=3     	---        Ungenau:       	Weiß=4     	Schwarz=2     OK:         	Weiß=8     	Schwarz=21    Bester:       	---       	Schwarz=5} 0-1

[Event "Reykjavik Open 2024"]
[Site "Reykjavik"]
[Date "2024.03.18"]
[Round "5.39"]
[White "Loncke, Matthieu"]
[Black "Botez, Andrea"]
[Result "1-0"]
[ECO "E61"]
[WhiteElo "2175"]
[BlackElo "1825"]
[Annotator "RC"]
[PlyCount "81"]
[EventDate "2024.03.12"]
[EventCountry "ISL"]
[SourceTitle "playchess.com"]
[Source "ChessBase"]
[SourceQuality "1"]
[TimeControl "40/5400+30:1800+30"]

1. d4 Nf6 2. c4 g6 3. Nc3 Bg7 4. Nf3 d6 5. Bg5 h6 6. Bh4 O-O 7. e3 c5 8. d5 Qb6 9. Qc1 g5 10. Bg3 Bf5 11. Nd2 Nh5 12. Be2 Nxg3 13. hxg3 Nd7 14. f4 Nf6 15. O-O e6 16. a4 Rae8 17. Ra3 a6 18. Rb3 Qc7 19. Bf3 Bd3 20. Re1 g4 21. Bd1 Bxc4 22. Nxc4 exd5 23. Nb6 d4 24. Ncd5 Qc6 25. Nxf6+ Bxf6 26. Bxg4 dxe3 27. Bd7 Qe4 28. Bxe8 Qxe8 29. Nd5 Bd4 30. Nxe3 Qxa4 31. Rd3 Re8 32. Kh2 Qb5 33. Qd2 Qxb2 34. Nc4 Qb5 35. Nxd6 Rxe1 36. Nxb5 Bg1+ 37. Kh3 Rb1 38. Rd8+ Kg7 39. Qc3+ Bd4 40. Nxd4 h5 41. Nf3+ 1-0